 Dungeon Crawl Stone Soup version 0.31.0-1-g2c135a0 (webtiles) character file.

Game seed: 2371781018429660173

135 samcosmo the Magician (level 4, -2/33 HPs)
             Began as a Draconian Fire Elementalist on Mar 18, 2024.
             Slain by Terence
             ... wielding a +5 mace of holy wrath
              (4 damage)
             ... on level 2 of the Dungeon.
             The game lasted 00:08:15 (2438 turns).

samcosmo the Magician (Draconian Fire Elementalist) Turns: 2438, Time: 00:08:16

Health: -2/33      AC: 13    Str: 11    XL:     4   Next: 96%
Magic:  10/10      EV: 12    Int: 17    God:
Gold:   177        SH:  0    Dex: 11    Spells: 9/12 levels left

rFire   . . .        f - +0 dagger (protect)
rCold   + . .        (no shield)
rNeg    . . .        (body armour unavailable)
rPois   .            (helmet restricted)
rElec   .            (no cloak)
rCorr   .            b - +0 pair of gloves
SInv    .            (no boots)
Will    .....        (no amulet)
Stlth   ++           j - ring of protection from cold
HPRegen 0.25/turn    (no ring)
MPRegen 0.12/turn

%: no passive effects
@: under a protective aura
A: AC +5, unfitting armour, cold-blooded
a: no special abilities


You were on level 2 of the Dungeon.
You visited 1 branch of the dungeon, and saw 3 of its levels.

You collected 177 gold pieces.

Inventory:

Hand Weapons
 c - a +0 short sword
 f - a +0 dagger of protection (weapon)
Armour
 b - a +0 pair of gloves (worn)
Jewellery
 j - a ring of protection from cold (left hand)
Wands
 p - a wand of flame (15)
Scrolls
 d - a scroll of enchant weapon {unknown}
 e - a scroll of blinking {unknown}
 h - a scroll of butterflies {unknown}
 i - a scroll of brand weapon {unknown}
 k - 2 scrolls of identify {unknown}
 l - a scroll of amnesia {unknown}
Potions
 g - a potion of curing {unknown}
 m - 2 potions of heal wounds {unknown}
 n - a potion of ambrosia {unknown}
 o - a potion of enlightenment {unknown}


   Skills:
 - Level 1.7 Dodging
 - Level 1.7 Stealth
 * Level 4.8 Spellcasting
 - Level 1.0 Conjurations
 - Level 3.0 Fire Magic


You had 9 spell levels left.
You knew the following spells:

 Your Spells              Type           Power      Damage    Failure   Level
a - Foxfire               Conj/Fire      40%        2x1d6     6%          1
b - Scorch                Fire           28%        2d6       6%          2

Your spell library contained the following spells:

 Spells                   Type           Power      Damage    Failure   Level
 Magic Dart               Conj           28%        1d4       10%         1
 Kiss of Death            Conj/Necr      20%        2d7       12%         1
 Searing Ray              Conj           14%        2d5       14%         2
 Mercury Vapours          Alch/Air       8%         N/A       22%         2
 Inner Flame              Hex/Fire       9%         N/A       24%         3
 Volatile Blastmotes      Fire/Tloc      18%        2d11      24%         3
 Mephitic Cloud           Conj/Alch/Air  5%         N/A       36%         3
 Confusing Touch          Hex            4%         N/A       41%         3
 Flame Wave               Conj/Fire      10%        2d6       54%         4
 Fulminant Prism          Conj/Alch      2%         3d5       75%         4
 Dispel Undead            Necr           4%         3d7       82%         4
 Freezing Cloud           Conj/Ice/Air   2%         6-21      98%         5


Dungeon Overview and Level Annotations

Branches:
Dungeon (3/15)

Altars:

Annotations:
D:2 Terence


Innate Abilities, Weirdness & Mutations

Your plain brown scales are hard. (AC +5)
You cannot fit into any form of body armour.
You are cold-blooded and may be slowed by cold attacks.


Message History

You barely miss Terence. Your punch misses Terence.
Terence is almost dead.
Terence hits you with a +5 mace of holy wrath.
You hit Terence but do no damage.
Terence is almost dead.
Terence hits you with a +5 mace of holy wrath!
* * * LOW HITPOINT WARNING * * *
Casting: Foxfire (safe; 6% risk of failure)
Confirm with . or Enter, or press ? or * to list all spells.
Flames lash Terence but do no damage.
Terence closely misses you.
You closely miss Terence.
Terence is almost dead.
Terence hits you but does no damage.
You hit Terence but do no damage.
Terence is almost dead.
Terence says, "Did you write a will?
You should..."
Terence barely misses you.
You hit Terence but do no damage.
Terence is almost dead.
Terence misses you.
You hit Terence but do no damage.
Terence is almost dead.
Terence closely misses you.
You hit Terence but do no damage.
Your tail-slap misses Terence.
Terence is almost dead.
Terence barely misses you.
You hit Terence but do no damage.
Terence is almost dead.
Terence barely misses you.
You hit Terence.
Terence is almost dead.
Terence hits you with a +5 mace of holy wrath.
* * * LOW HITPOINT WARNING * * *
Casting: Scorch (safe; 6% risk of failure)
Confirm with . or Enter, or press ? or * to list all spells.
Flames lash Terence but do no damage.
Terence closely misses you. Magic courses through your body.
Terence hits you with a +5 mace of holy wrath.
You die...
Terence says, "Time to find some more victims."

###.#.##.......# #...............
....#.##.......###########.......
#####.##.........................
......##.......########........#.
...#####.......########........##
..............................>..
(#.............................##
.....#.#######.#############.#...
...............@@# #.#.#.
...............#.# #######.#.#.
######.#.####..#.# #.......#.#.
..........###..#.# #.#######.#.
####.#.........#.# #.# #.#.
#.#...........# #.# #.#.
#.#..........## #)# #.#.
#.#..........# ####.# #.##
#.#..........# #....# #.#


You could see Terence.

Vanquished Creatures
  Natasha (twice) (D:3)
  2 adders
  A ribbon worm (D:2)
  A dart slug (D:3)
  6 orcs
  4 endoplasms
  4 goblins
  4 hobgoblins
  4 jackals (D:1)
  A quokka (D:1)
  7 ball pythons
  6 bats
  4 frilled lizards
  5 kobolds
  6 rats
57 creatures vanquished.

Vanquished Creatures (others)
  156 foxfires
156 creatures vanquished.

Grand Total: 213 creatures vanquished

Notes
Turn   | Place    | Note
-------+----------+-------------------------------------------
     0 | D:1      | samcosmo the Draconian Fire Elementalist began the quest
                  | for the Orb.
     0 | D:1      | Reached XP level 1. HP: 14/14 MP: 3/3
   175 | D:1      | Reached XP level 2. HP: 16/20 MP: 5/5
   289 | D:1      | Reached skill level 3 in Spellcasting
   528 | D:2      | Found a faded altar of an unknown god.
   702 | D:2      | Reached XP level 3. HP: 26/26 MP: 4/7
  1613 | D:3      | Learned a level 2 spell: Scorch
  1697 | D:3      | Reached skill level 4 in Spellcasting
  1780 | D:3      | Reached XP level 4. HP: 33/33 MP: 10/10
  1889 | D:3      | Noticed Terence
  2051 | D:3      | Noticed Natasha
  2102 | D:3      | Killed Natasha
  2332 | D:3      | Noticed Natasha
  2338 | D:3      | Killed Natasha
  2436 | D:2      | HP: 1/33 [Terence/+5 mace of holy wrath (5)]
  2438 | D:2      | Slain by Terence

Illustrated notes

Levels and vault maps discovered:
D:1:      wander_arrival_peaceful_grave, layout_basic
D:2:      layout_basic, nicolae_ecumenical_pavilion
D:3:      layout_rooms, uniq_natasha, uniq_terence

Skill      XL: |  1  2  3 |
---------------+----------+-----
Spellcasting   | 3 4 |  4.8
Dodging        | |  1.7
Stealth        | |  1.7
Conjurations   | |  1.0
Fire Magic     | |  3.0

Action                     |  1- 3 |  4- 6 || total
---------------------------+-------+-------++-------
  Melee: Short sword       |    65 |       ||    65
         Tailslap          |    11 |     3 ||    14
         Dagger            |    34 |    27 ||    61
   Cast: Foxfire           |    46 |    44 ||    90
         Scorch            |       |     4 ||     4
    Use: Potion            |       |     1 ||     1
   Stab: Sleeping          |     2 |     1 ||     3
 Armour: Skin              |    38 |    29 ||    67
  Dodge: Dodged            |    75 |    38 ||   113
